[Event "*** Titled Tuesday Blitz"]
[Site "Chess.com"]
[Date "2019.02.05"]
[Round "5"]
[White "HouseOfDurin"]
[Black "BillForster"]
[Result "1-0"]
[WhiteElo "1915"]
[BlackElo "1706"]
[TimeControl "180+2"]
[EndTime "14:06:01 PST"]
[Termination "HouseOfDurin won by resignation"]

1. d4 d5 2. Bg5 h6 3. Bh4 c5 4. c3 Qb6 5. Qd2 Bf5 6. f3 Nc6 7.
Bf2 c4 8. e4 Be6 9. Qc2 Nf6 10.
Nd2 Qa5 11. exd5 Bxd5 12. Bxc4 e6 13. Ne2 Bd6 14. O-O O-O 15. b4 Qc7 16. Bg3 Bxg3 17. Nxg3 Rac8 18. Bxd5 Nxd5 19. Qd3 Rfd8 20. Rac1 Nce7 21.
Ne2 Nf5 22. a3 Nfe3 23. Rfe1 f5 24. c4 f4 25. cxd5 Qd6 26. Rxc8 Rxc8 27. dxe6 Qxe6 28. Qe4 Qa2 29. Nf1 Nc2 30. Rc1 1-0

[Event "*** Titled Tuesday Blitz"]
[Site "Chess.com"]
[Date "2019.02.05"]
[Round "5"]
[White "monalize"]
[Black "Hieronymus00"]
[Result "1-0"]
[WhiteElo "2314"]
[BlackElo "2173"]
[TimeControl "180+2"]
[EndTime "14:06:02 PST"]
[Termination "monalize won on time"]

1. e4 e5 2. Nf3 Nc6 3. Bb5 a6 4. Ba4 Nf6 5. O-O Bc5 6. Bxc6 dxc6 7. Nxe5 O-O 8. d3 Re8 9. Nf3 Bg4 10. Be3 Bd6 11. Nbd2 b5 12. c3 c5 13. Qc2 Nh5 14.
Rfe1 Qf6 15. h3 Bd7 16. d4 Qg6 17. Nh4 Qf6 18. Ndf3 Bf4 19. e5 Qh6 20. Bxf4 Nxf4 21. Qe4 Bc6 22. Nf5 Nxh3+ 23. Kf1 Bxe4 24. Nxh6+ gxh6 25. Rxe4 Ng5 26. Nxg5 hxg5 27. dxc5 Rad8 28. Rae1 Rd5 29. b4 Kg7 30. f3 Kg6 31. Kf2 h5 32. R1e2 Re6 33. g4 h4 34. Kg2 Rd3 35.
R4e3 Rd1 36. a4 bxa4 37. Ra2 Rd5 38. Rxa4 Rdxe5 39. Rxe5 Rxe5 40. Rxa6+ f6 41. Rc6 Re2+ 42. Kg1 Re3 43. Rxc7 Rxf3 44. b5 Rxc3 45. b6 Rg3+ 46. Kh2 Rxg4 47. b7 Rb4 48. c6 g4 49. Rc8 Rb2+ 50.
Kg1 h3 51. Rh8 Kf5 52. c7 Kf4 53. b8=Q 1-0

[Event "*** Titled Tuesday Blitz"]
[Site "Chess.com"]
[Date "2019.02.05"]
[Round "5"]
[White "Fy_Rakotomaharo"]
[Black "AlexTruskavetsky"]
[Result "1-0"]
[WhiteElo "2480"]
[BlackElo "2254"]
[TimeControl "180+2"]
[EndTime "14:06:03 PST"]
[Termination "Fy_Rakotomaharo won on time"]

1. d4 Nf6 2. c4 g6 3. Nc3 d5 4. Nf3 Bg7 5. cxd5 Nxd5 6. Bg5 Nxc3 7. bxc3 O-O 8. e3 c5 9. Bd3 Nc6 10. O-O Be6 11. Qe2 Qa5 12. Rab1 b6 13. Be4 Bd7 14. d5 Ne5 15. Bxe7 Rfe8 16. d6 Qxc3 17. Bxa8 Rxa8 18.
Nxe5 Bxe5 19. Qf3 Rb8 20. Rfc1 Qd2 21. Rd1 Qxa2 22. Bf6 Qe6 23. Bxe5 Qxe5 24. h3 Qe6 25. e4 Kf8 26. Qf4 Kg7 27. e5 a5 28. Rdc1 a4 29.
Rxc5 a3 30. Rc2 b5 31. Qb4 a2 32. Ra1 Ra8 33. Qb2 b4 34. Rc7 b3 35. Rxd7 Rc8 36. Rc7 1-0

[Event "*** Titled Tuesday Blitz"]
[Site "Chess.com"]
[Date "2019.02.05"]
[Round "5"]
[White "Ekko_li"]
[Black "INLOVEWITHF"]
[Result "0-1"]
[WhiteElo "2477"]
[BlackElo "2299"]
[TimeControl "180+2"]
[EndTime "14:06:08 PST"]
[Termination "INLOVEWITHF won by resignation"]

1. e4 e5 2. Nf3 Nc6 3. Nc3 Nf6 4. d4 exd4 5. Nxd4 Bb4 6. Nxc6 bxc6 7. Bd3 d5 8. exd5 O-O 9. O-O Bg4 10. Be2 Bxe2 11. Qxe2 Bxc3 12. bxc3 cxd5 13. Bf4 Qd7 14. Qd3 Rfe8 15.
Rfe1 h6 16. h3 Rab8 17. Be5 Qb5 18. Bxf6 Qxd3 19. cxd3 gxf6 20. Reb1 Rxb1+ 21. Rxb1 Re2 22. Rb7 Rxa2 23. Rxc7 Rc2 24. d4 a5 25. Ra7 Ra2 26.
Kh2 a4 27. Kg3 Rc2 28. Rxa4 Rxc3+ 29. Kf4 Rc2 30. Ke3 Rc8 31. Ra5 Rd8 32. Kf4 Kg7 33. g4 Kg6 34. h4 h5 35. f3 Rd6 36.
Rc5 Rd8 37. Rc6 hxg4 38. fxg4 Re8 39. h5+ Kg7 40. Kf5 Re1 41. h6+ Kxh6 42. Rxf6+ Kg7 43. Rd6 Rf1+ 44. Kg5 f6+ 45. Kh4 f5 46. g5 Rf4+ 47.
Kh5 Rxd4 48. Rd7+ Kf8 49. Kg6 f4 50. Kf6 Ke8 51. Re7+ Kd8 52. g6 f3 53. Kg5 Kxe7 0-1

[Event "*** Titled Tuesday Blitz"]
[Site "Chess.com"]
[Date "2019.02.05"]
[Round "5"]
[White "mouseWLZ"]
[Black "Polish_fighter3000"]
[Result "0-1"]
[WhiteElo "2469"]
[BlackElo "3007"]
[TimeControl "180+2"]
[EndTime "14:06:09 PST"]
[Termination "Polish_fighter3000 won by resignation"]

1. e4 e5 2. Nf3 Nc6 3. Bc4 Bc5 4. c3 Nf6 5. d3 d6 6. h3 h6 7. Nbd2 O-O 8. Nf1 d5 9. exd5 Nxd5 10. Ng3 Be6 11.
O-O a5 12. Re1 Re8 13. a4 Bb6 14. Bb5 f6 15. Nh4 Qd7 16. Qf3 g5 17. Nhf5 Nf4 18. Bxf4 gxf4 19. Ne4 Rf8 20. Nxh6+ Kg7 21. Ng4 f5 22.
Nxe5 Nxe5 23. Qxf4 Ng6 24. Qg5 c6 25. Ng3 cxb5 26.
Nh5+ Kh7 27. Nf6+ Rxf6 28. Qxf6 Re8 29. Re2 Bd8 30. Qd4 Qxd4 31. cxd4 Nf4 32. Re3 Rg8 33. axb5 Rxg2+ 34. Kf1 Bd5 35. Rg3 Rh2 36. Rg1 Bh4 0-1

[Event "*** Titled Tuesday Blitz"]
[Site "Chess.com"]
[Date "2019.02.05"]
[Round "5"]
[White "GataKamsky1974"]
[Black "GMsKoRPioN"]
[Result "1-0"]
[WhiteElo "2738"]
[BlackElo "2560"]
[TimeControl "180+2"]
[EndTime "14:06:09 PST"]
[Termination "GataKamsky1974 won by checkmate"]

1. d4 g6 2. Nf3 Bg7 3. e4 d6 4.
c3 Nf6 5. Bd3 O-O 6. O-O Bg4 7.
Nbd2 Nc6 8. h3 Bxf3 9. Nxf3 e5 10. Re1 Nh5 11. Bb5 Ne7 12. dxe5 dxe5 13. Bg5 Qxd1 14.
Raxd1 f6 15. Bc4+ Kh8 16. Rd7 Nc6 17. Be3 Rac8 18. Red1 Rfd8 19. Rxd8+ Rxd8 20. Rxd8+ Nxd8 21. Bxa7 Nf4 22. Be3 Bf8 23. g3 Nfe6 24. b4 Kg7 25. a4 Bd6 26. a5 c6 27. Nd2 Kf8 28. Nb3 Ke7 29. Kg2 Nc7 30. Nc5 Nb5 31. Bxb5 cxb5 32. Nxb7 Nxb7 33. a6 Bb8 34. axb7 Kd7 35. Bc5 Kc6 36.
g4 Kxb7 37. Be7 Kc6 38. Bxf6 Kd7 39. Kf1 Ke6 40. Bg5 Bc7 41. Ke2 h5 42. Kd3 Bb6 43. f3 Bf2 44. c4 Be1 45. cxb5 Bxb4 46. Kc4 Bd6 47. b6 Bb8 48. Kc5 Kd7 49. Kd5 Kc8 50. Kc6 hxg4 51. fxg4 Bc7 52. h4 Bb8 53. b7# 1-0

[Event "*** Titled Tuesday Blitz"]
[Site "Chess.com"]
[Date "2019.02.05"]
[Round "5"]
[White "Bauxi435"]
[Black "MFguimaraes"]
[Result "1-0"]
[WhiteElo "2439"]
[BlackElo "2292"]
[TimeControl "180+2"]
[EndTime "14:06:15 PST"]
[Termination "Bauxi435 won on time"]

1. d4 Nf6 2. c4 c6 3. Nc3 d5 4.
cxd5 cxd5 5. f3 Nc6 6. e4 e6 7. e5 Nd7 8. f4 g6 9. Be3 Bg7 10. Nf3 O-O 11. Bd3 Nb6 12. O-O Bd7 13. Nb5 Nc8 14. a3 a6 15. Nc3 b5 16. a4 b4 17.
Na2 Nb6 18. Nc1 Nc4 19. Qe2 N6a5 20. Bf2 b3 21. Nd2 Nxb2 22. Bxa6 Qb6 23. Bb5 Bxb5 24. axb5 Nbc4 25. Ncxb3 Nxb3 26. Nxb3 Qxb5 27. Nc5 Rxa1 28. Rxa1 Rb8 29. h3 Bf8 30. Nd3 Na3 31. Kh2 Rc8 32. Qd1 Rc3 33. Nc5 Bxc5 34. dxc5 Nc2 35. Ra8+ Kg7 36.
Qg4 Qd3 37. Bh4 Qf5 38. Bf6+ Kh6 39. Qg5+ Qxg5 40. fxg5+ Kh5 41. Rh8 1-0

[Event "*** Titled Tuesday Blitz"]
[Site "Chess.com"]
[Date "2019.02.05"]
[Round "5"]
[White "Genghis_K"]
[Black "Zaven_ChessMood"]
[Result "1-0"]
[WhiteElo "2819"]
[BlackElo "2854"]
[TimeControl "180+2"]
[EndTime "14:06:16 PST"]
[Termination "Genghis_K won by checkmate"]

1. d4 Nf6 2. Bf4 d6 3. e3 g6 4. h3 Bg7 5. Nf3 O-O 6. Be2 Nbd7 7. O-O Qe8 8. c4 e5 9. Bh2 Qe7 10. Nc3 c6 11. b4 e4 12. Nd2 Re8 13. Qc2 Nf8 14.
Rab1 h5 15. b5 g5 16. bxc6 bxc6 17. Qa4 Bd7 18. Rb7 Ng6 19. Qa5 g4 20. hxg4 hxg4 21. Rfb1 Qf8 22. Qg5 Nh7 23. Qh5 Nf6 24. Qg5 Nh7 25.
Qa5 Nf6 26. Ndxe4 Nxe4 27. Nxe4 Rxe4 28. Rxd7 Qe8 29. Rbb7 Bxd4 30. Qf5 Rxe3 31. Rxf7 Re6 32. Bg3 c5 33. Bxg4 Nf8 34. Rxf8+ Qxf8 35. Qxe6+ Kh8 36. Bf5 Qh6 37. Rh7+ Qxh7 38. Bxh7 Kxh7 39. Bxd6 Rg8 40. Be5 Rg6 41. Qf7+ Kh6 42. Bf4+ Kh5 43. Qf5+ Kh4 44. Qh3# 1-0

[Event "*** Titled Tuesday Blitz"]
[Site "Chess.com"]
[Date "2019.02.05"]
[Round "5"]
[White "playerorkinyo"]
[Black "matiss90"]
[Result "0-1"]
[WhiteElo "2339"]
[BlackElo "2473"]
[TimeControl "180+2"]
[EndTime "14:06:16 PST"]
[Termination "matiss90 won by resignation"]

1. d4 Nf6 2. c4 g6 3. Nc3 Bg7 4. e4 O-O 5. Nf3 d6 6. Be2 Na6 7. O-O e5 8. Be3 Ng4 9. Bg5 Qe8 10. h3 h6 11. Bh4 Nf6 12. dxe5 dxe5 13. Bg3 Nh5 14.
Bh2 Nf4 15. Nd5 Nxe2+ 16. Qxe2 c6 17. Nc3 Nc5 18. Rad1 Ne6 19. Nxe5 g5 20. Nf3 Nf4 21. Bxf4 gxf4 22. Rfe1 Qe6 23. e5 Qg6 24. Qe4 Bf5 25.
Qxf4 Bxh3 26. Nh4 Qg4 27. Re4 Qxf4 28. Rxf4 Be6 29. Nf3 b5 30. cxb5 cxb5 31. a3 a6 32.
Ne4 Rfd8 33. Nd6 Ra7 34. Rfd4 Rad7 35. g4 Kf8 36. Kg2 Bb3 37. R1d3 Be6 38. Kh3 h5 39. Kh4 hxg4 40. Ng5 Bxe5 41. Nxe6+ fxe6 42. Rxg4 Rh7+ 43. Kg5 Rg7+ 44. Kh5 Rxg4 45. Kxg4 0-1

[Event "*** Titled Tuesday Blitz"]
[Site "Chess.com"]
[Date "2019.02.05"]
[Round "5"]
[White "AttilaTurzo"]
[Black "LuisFSiles"]
[Result "1-0"]
[WhiteElo "2385"]
[BlackElo "2248"]
[TimeControl "180+2"]
[EndTime "14:06:21 PST"]
[Termination "AttilaTurzo won by resignation"]

1. d4 Nf6 2. Nf3 g6 3. Bg5 Bg7 4. Nbd2 d5 5. e3 O-O 6. Be2 b6 7. Ne5 Bb7 8. a4 a6 9. O-O Nfd7 10. Nxd7 Nxd7 11. c3 h6 12. Bh4 g5 13. Bg3 e5 14.
dxe5 Nxe5 15. Nf3 Qe7 16. Nd4 f5 17. Bxe5 Bxe5 18. Bf3 Rad8 19. Qb3 g4 20. Be2 c5 21. Nc2 Qd6 22. g3 Kh8 23. f4 Bg7 24. Rf2 d4 25.
Bf1 dxe3 26. Nxe3 Rde8 27. Bg2 Bxg2 28. Nxg2 Re6 29. Rd1 Qe7 30. Rfd2 Re8 31. Qd5 Re2 32. Qxf5 Rxd2 33. Rxd2 Qb7 34. Qxg4 Qe4 35. Qd1 h5 36. Qxh5+ Kg8 37. Qd5+ Qxd5 38. Rxd5 1-0

[Event "*** Titled Tuesday Blitz"]
[Site "Chess.com"]
[Date "2019.02.05"]
[Round "5"]
[White "jamengrand"]
[Black "TristanCalistri"]
[Result "0-1"]
[WhiteElo "2284"]
[BlackElo "2240"]
[TimeControl "180+2"]
[EndTime "14:06:22 PST"]
[Termination "TristanCalistri won by checkmate"]

1. e4 e5 2. Nf3 d6 3. d4 exd4 4. Nxd4 Nf6 5. Nc3 Be7 6. h3 O-O 7. g3 d5 8. exd5 Nxd5 9. Bg2 Bb4 10. O-O Nxc3 11. bxc3 Bxc3 12. Be3 Bxa1 13. Qxa1 c6 14. Nb3 Na6 15. Bd4 f6 16. Qc3 Re8 17. Na5 Qe7 18. Rb1 Qf7 19. a3 Nc7 20. Bf1 Nd5 21.
Qf3 Kh8 22. c4 Ne7 23. c5 Nd5 24. Nc4 Rd8 25. Nd6 Qg8 26. Bc4 Be6 27. Rxb7 Rd7 28.
Rxd7 Bxd7 29. Bxd5 cxd5 30. h4 Rb8 31. h5 h6 32. Kg2 Qe6 33. Qf4 Rb3 34. a4 Rd3 35.
Be3 Qh3+ 36. Kg1 Rd1# 0-1

[Event "*** Titled Tuesday Blitz"]
[Site "Chess.com"]
[Date "2019.02.05"]
[Round "5"]
[White "Caisachess"]
[Black "TakeMyPieces97"]
[Result "0-1"]
[WhiteElo "2371"]
[BlackElo "2273"]
[TimeControl "180+2"]
[EndTime "14:06:23 PST"]
[Termination "TakeMyPieces97 won by resignation"]

1. e4 e5 2. Nf3 Nc6 3. Bc4 Nf6 4. d3 Bc5 5. O-O a6 6. a4 Ba7 7. c3 d6 8. Bb3 h6 9. h3 g5 10. Be3 g4 11. hxg4 Bxe3 12. fxe3 Nxg4 13. Bxf7+ Ke7 14. Qe1 Kxf7 15. Nxe5+ Kg7 16. Nxg4 Bxg4 17. Qg3 Qg5 18. Rf4 h5 19. Nd2 Ne5 20. Nf3 Qg6 21. Nh4 Qg5 22.
Nf3 Qe7 23. d4 Nd3 24. Rf5 Raf8 25. Nh4 Qxe4 26. Rg5+ Kh6 27. Rg6+ Kh7 28. Rd1 Nxb2 29. Re1 Nc4 30. Kh2 Nd2 31. Rg5 Nf1+ 32. Rxf1 Rxf1 33. Ng6 Rg8 0-1

[Event "*** Titled Tuesday Blitz"]
[Site "Chess.com"]
[Date "2019.02.05"]
[Round "5"]
[White "WorldChampionBulletChess"]
[Black "Iyael"]
[Result "1/2-1/2"]
[WhiteElo "2104"]
[BlackElo "1997"]
[TimeControl "180+2"]
[EndTime "14:06:23 PST"]
[Termination "Game drawn by repetition"]

1. d4 Nf6 2. Nd2 d5 3. Ngf3 g6 4. g3 Bg7 5. Bg2 O-O 6. O-O c6 7. Ne5 Be6 8. Nd3 Qc8 9. Nf4 Bf5 10. b3 Nbd7 11. Ba3 Re8 12. Nf3 e5 13. dxe5 Nxe5 14. Nxe5 Rxe5 15. Bd6 Re8 16. Rc1 Ne4 17. Bxe4 dxe4 18.
Bc5 b6 19. Be3 Bg4 20. Qe1 g5 21. Ng2 h6 22. c4 Bh3 23. Qd2 Qe6 24. Qc2 f5 25. Rfd1 Bxg2 26. Kxg2 f4 27. gxf4 Qg4+ 28. Kh1 gxf4 29. Rg1 Qh4 30. Bd4 Re7 31. Bxg7 Rxg7 32. Qxe4 Rf8 33. Qe6+ Rf7 34. Qe8+ Kh7 35. Qe4+ Kh8 36.
Qxc6 Qxf2 37. Qxh6+ Kg8 38. Rxg7+ Rxg7 39. Qe6+ Kh7 40.
Qf5+ Kg8 41. Qe6+ Kf8 42. Qf6+ Kg8 43. Qe6+ Kh8 44. Qh6+ Kg8 45. Qe6+ Kh8 46. Qh3+ Kg8 47. Qc8+ Kh7 48. Qf5+ Kg8 49. Qe6+ 1/2-1/2

[Event "*** Titled Tuesday Blitz"]
[Site "Chess.com"]
[Date "2019.02.05"]
[Round "5"]
[White "Konavets"]
[Black "vugarrasulov"]
[Result "0-1"]
[WhiteElo "2825"]
[BlackElo "2863"]
[TimeControl "180+2"]
[EndTime "14:06:26 PST"]
[Termination "vugarrasulov won on time"]

1. c4 c5 2. Nf3 g6 3. e3 Nf6 4. Nc3 Bg7 5. d4 cxd4 6. exd4 d5 7. Bg5 O-O 8. Rc1 Ne4 9. Bh4 Nxc3 10. bxc3 Nc6 11.
Be2 Bf6 12. Bxf6 exf6 13. O-O Re8 14. Re1 Be6 15. Nd2 dxc4 16. Bxc4 Bxc4 17. Nxc4 Rxe1+ 18. Qxe1 Qd5 19. Qe2 Rc8 20. Rd1 Qb5 21. Qf1 Ne7 22. Nd6 Qxf1+ 23. Kxf1 Rxc3 24. d5 f5 25. Nxb7 Rc7 26. Na5 Rd7 27. d6 Nc8 28. Nc4 f6 29. Rd5 Kf7 30. Ra5 Ke6 31. Ra6 Kd5 32. Ra4 Kc5 33.
Ne3 Nxd6 34. g3 Ne4 35. Ke1 Rb7 36. Ra5+ Kb4 37. Ra6 Kb5 38. Re6 a5 39. f3 Ng5 40.
Rxf6 Nxf3+ 41. Ke2 Nxh2 42. Re6 Ka4 0-1

[Event "*** Titled Tuesday Blitz"]
[Site "Chess.com"]
[Date "2019.02.05"]
[Round "5"]
[White "NCchamp"]
[Black "Saitama_Hero"]
[Result "0-1"]
[WhiteElo "2163"]
[BlackElo "2225"]
[TimeControl "180+2"]
[EndTime "14:06:26 PST"]
[Termination "Saitama_Hero won on time"]

1. c4 Nf6 2. Nc3 e6 3. e4 Nc6 4.
d4 Bb4 5. Qd3 Bxc3+ 6. bxc3 d6 7. f4 d5 8. cxd5 exd5 9. e5 Ne4 10. Qe3 O-O 11. Bd3 Nxc3 12. Bb2 Ne4 13. Bxe4 dxe4 14. Qxe4 Qe7 15. d5 Bf5 16. Qxf5 Qb4+ 17. Kf1 Qxb2 18. Rd1 Nb4 19. Ne2 Rad8 20. Qe4 Nxa2 21. Rb1 Qd2 22. Rb3 Rxd5 23. Kf2 Rfd8 24. Ra1 Rd4 25. Qe3 Qc2 26. Ra3 Rd3 27. Qe4 Qc5+ 28. Kf1 Qxa3 29. Re1 Re3 30. Qf5 Qd3 31. Qg5 Nc3 32. Qg4 Nxe2 33. Kf2 Qd2 0-1

[Event "*** Titled Tuesday Blitz"]
[Site "Chess.com"]
[Date "2019.02.05"]
[Round "5"]
[White "Morshynska"]
[Black "sandager"]
[Result "1-0"]
[WhiteElo "2085"]
[BlackElo "2118"]
[TimeControl "180+2"]
[EndTime "14:06:29 PST"]
[Termination "Morshynska won by checkmate"]

1. d4 Nf6 2. c4 g6 3. Nf3 Bg7 4. g3 O-O 5. Bg2 c6 6. O-O d5 7. Nc3 dxc4 8. Ne5 Ng4 9. Nxg4 Bxg4 10. h3 Be6 11. Be3 Na6 12. Qd2 Nc7 13. Rad1 Qd7 14. Kh2 b5 15. Ne4 Rad8 16. Nc5 Qc8 17. Qa5 a6 18. Bg5 f6 19. Bc1 Bd5 20. e4 Bf7 21.
Be3 e5 22. dxe5 fxe5 23. Bf3 h5 24. h4 Ne6 25. Bg2 Nd4 26. Bh3 Qa8 27. Kg2 Qa7 28. Bg5 Ra8 29. Nd7 Rfe8 30. Nf6+ Bxf6 31. Bxf6 c5 32.
Qd2 b4 33. Qh6 Be6 34. Qh8+ Kf7 35. Qg7# 1-0

[Event "*** Titled Tuesday Blitz"]
[Site "Chess.com"]
[Date "2019.02.05"]
[Round "5"]
[White "GelmanAlexander"]
[Black "ElGasanov"]
[Result "0-1"]
[WhiteElo "2499"]
[BlackElo "2722"]
[TimeControl "180+2"]
[EndTime "14:06:31 PST"]
[Termination "ElGasanov won by resignation"]

1. f4 d5 2. Nf3 Bg4 3. e3 Nd7 4. c4 e6 5. b3 Ngf6 6. Bb2 Bd6 7.
Nc3 c6 8. h3 Bh5 9. Be2 O-O 10. cxd5 exd5 11. g4 Bg6 12. f5 Ne4 13. O-O Ng3 14. Rf2 Nxf5 15. gxf5 Bxf5 16. Bf1 Bg6 17.
Ne2 Qc7 18. Rc1 Rae8 19. Nfd4 Nc5 20. Nf4 Ne4 21. Rf3 Ng5 22. Rf2 Bxf4 23. Rxf4 Ne4 24. Bg2 Qa5 25. Bc3 Nxc3 26. Rxc3 Qxa2 27. b4 a6 28. h4 Re5 29. Nf3 Re4 30. Rxe4 Bxe4 31. Nd4 Re8 32. h5 Re5 33. h6 Rg5 34. Nf3 Rg6 35. hxg7 Bxf3 36. Qxf3 Qxd2 37. e4 dxe4 38. Qh3 Rxg2+ 39. Qxg2 Qxc3 40. Qxe4 Qxg7+ 41. Kh2 Qh6+ 0-1

[Event "*** Titled Tuesday Blitz"]
[Site "Chess.com"]
[Date "2019.02.05"]
[Round "5"]
[White "FelixBlohberger"]
[Black "kuli4ik"]
[Result "0-1"]
[WhiteElo "2662"]
[BlackElo "2850"]
[TimeControl "180+2"]
[EndTime "14:06:33 PST"]
[Termination "kuli4ik won on time"]

1. e4 e6 2. d4 d5 3. Nd2 a5 4.
Ngf3 a4 5. Bd3 Nf6 6. O-O Be7 7.
e5 Nfd7 8. c4 dxc4 9. Nxc4 Nc6 10. Be3 Nb4 11. Be4 Nd5 12. Qd2 b5 13. Na3 b4 14. Nc4 Ba6 15. Rac1 O-O 16. Rfd1 Bb7 17. Bg5 Bxg5 18. Nxg5 h6 19. Nf3 Qe7 20. Ne3 N7b6 21. Rc5 a3 22. b3 Nxe3 23. Qxe3 Bxe4 24. Qxe4 Nd5 25. Rxd5 exd5 26. Qxd5 c5 27. g3 Rad8 28. Qc4 cxd4 29. Rxd4 Rxd4 30. Qxd4 Rd8 31. Qc4 Qb7 32. Kg2 Rc8 33. Qd4 Rc3 34. Qf4 Qd5 35. h4 h5 36. Qf5 g6 37. Qf6 Rc2 38. Qb6 Rxa2 39. Qxb4 Rb2 40. Qb8+ Kg7 41. e6 Rxb3 0-1

[Event "*** Titled Tuesday Blitz"]
[Site "Chess.com"]
[Date "2019.02.05"]
[Round "5"]
[White "Mistheoretical"]
[Black "Veiso"]
[Result "0-1"]
[WhiteElo "2327"]
[BlackElo "2387"]
[TimeControl "180+2"]
[EndTime "14:06:34 PST"]
[Termination "Veiso won by resignation"]

1. d4 c5 2. d5 g6 3. e4 Bg7 4. Nc3 d6 5. f4 Nf6 6. Bb5+ Nfd7 7. Bd3 O-O 8. Nf3 Na6 9. O-O Rb8 10. a3 Nc7 11. a4 b6 12. Qe1 Ba6 13. Nb5 Bxb5 14. axb5 a6 15. bxa6 b5 16. c3 Ra8 17. a7 Nb6 18. Ra5 Nc4 19. Ra2 Qc8 20. Qe2 Qb7 21. b3 Nb6 22. Bxb5 Nxb5 23. Qxb5 Rxa7 24. Rxa7 Qxa7 25. Bd2 Rb8 26. Qe2 Qa2 27. Qd1 Nd7 28. b4 cxb4 29. cxb4 Nb6 30. Rf2 Qc4 31. Qe2 Qb3 32. h4 Nc4 33. Be1 Ne3 34. Ng5 h6 35.
Rf3 hxg5 36. Bf2 Qb1+ 37. Kh2 Ng4+ 38. Kg3 Nxf2 39. Rxf2 gxf4+ 40. Rxf4 Be5 0-1

[Event "*** Titled Tuesday Blitz"]
[Site "Chess.com"]
[Date "2019.02.05"]
[Round "5"]
[White "2165149677570"]
[Black "talento10"]
[Result "1-0"]
[WhiteElo "2307"]
[BlackElo "2416"]
[TimeControl "180+2"]
[EndTime "14:06:36 PST"]
[Termination "2165149677570 won by checkmate"]

1. d4 Nf6 2. c4 g6 3. g3 Bg7 4. Bg2 d6 5. Nf3 O-O 6. Nc3 Nc6 7. d5 Na5 8. Nd2 c5 9. O-O Rb8 10. e4 a6 11. Qe2 Ne8 12. a4 Bd7 13. Qd3 Nc7 14. Re1 f5 15. exf5 Bxf5 16. Be4 Qd7 17. Bxf5 Rxf5 18. Nde4 Rbf8 19. Be3 h6 20. f4 Nb3 21.
Rad1 Nd4 22. Kf2 e5 23. dxe6 Ncxe6 24. Nd5 g5 25. g4 Nxf4 26. Bxf4 Rxf4+ 27. Nxf4 Rxf4+ 28. Kg2 Qxg4+ 29. Ng3 Nf5 30. Kh1 Nxg3+ 31. Qxg3 Qxg3 32.
hxg3 Rxc4 33. Rxd6 Bxb2 34. Rd7 Bf6 35. Re8# 1-0

[Event "*** Titled Tuesday Blitz"]
[Site "Chess.com"]
[Date "2019.02.05"]
[Round "5"]
[White "murmah2003"]
[Black "Tolya2"]
[Result "0-1"]
[WhiteElo "2648"]
[BlackElo "2534"]
[TimeControl "180+2"]
[EndTime "14:06:37 PST"]
[Termination "Tolya2 won by resignation"]

1. Nf3 Nf6 2. d4 d5 3. c4 dxc4 4. e3 e6 5. Bxc4 c5 6. dxc5 Bxc5 7. Qxd8+ Kxd8 8. Nbd2 Ke7 9. Nb3 Bd6 10. Nfd4 b6 11. f3 Bb7 12. e4 Rc8 13. Bd3 Nfd7 14. Bd2 a6 15. Ke2 Nc5 16. Nxc5 Bxc5 17. Nb3 Bd6 18. Bc3 f6 19. Rac1 Nd7 20. g3 Ne5 21. Bb1 h6 22. f4 Nc4 23. Rhd1 a5 24. Nd4 Bb4 25. Bd3 Bxc3 26. bxc3 Ba6 27. Rb1 Rab8 28. a4 g6 29. e5 fxe5 30. fxe5 Rc5 31. Bxg6 Nxe5+ 32. Kf2 Nxg6 33.
Re1 e5 34. Nf5+ Kf6 35. Nxh6 Rxc3 36. Ng4+ Kf5 37. Ne3+ Ke6 38. Kg1 Bd3 39. Rb2 e4 40. Rf2 Ne5 41. Kg2 b5 42. axb5 Rxb5 43. h4 a4 44. Ra1 a3 45. Nf5 Rb2 46. Ne3 Nc4 47. Nd1 Rxf2+ 48. Kxf2 Rc2+ 49. Kg1 a2 50. g4 Nd2 51.
Ne3 Nf3+ 0-1

[Event "*** Titled Tuesday Blitz"]
[Site "Chess.com"]
[Date "2019.02.05"]
[Round "5"]
[White "Ginger_GM"]
[Black "Jospem"]
[Result "1-0"]
[WhiteElo "2613"]
[BlackElo "2887"]
[TimeControl "180+2"]
[EndTime "14:06:38 PST"]
[Termination "Ginger_GM won by resignation"]

1. d4 Nf6 2. c4 e6 3. Nf3 Bb4+ 4. Nbd2 O-O 5. a3 Be7 6. g4 d5 7. g5 Ne4 8. Qc2 Nxg5 9. Rg1 Nxf3+ 10. Nxf3 c5 11.
dxc5 Nc6 12. Bh6 Bf6 13. O-O-O Qe7 14. e4 dxe4 15. Qxe4 e5 16. Rd6 Be6 17. Bd3 g6 18. Bxf8 Rxf8 19. h4 Kh8 20. Qe3 Rd8 21. Rxd8+ Qxd8 22.
Rd1 Qe7 23. Ng5 Nd4 24. Nxe6 Nxe6 25. b4 Bxh4 26. Kb1 Bf6 27. Be4 Nd4 28. Bd5 h5 29. Qh6+ Kg8 30. Qxg6+ Kf8 31. Qxh5 e4 32. Rg1 Nf3 33.
Rg3 Bg7 34. Qf5 Qf6 35. Qxf6 Bxf6 36. Kc2 Be5 37. Rg2 b6 38. cxb6 Ne1+ 39. Kd2 e3+ 40. fxe3 Nxg2 41. bxa7 1-0

[Event "*** Titled Tuesday Blitz"]
[Site "Chess.com"]
[Date "2019.02.05"]
[Round "5"]
[White "M1711"]
[Black "Artur0208"]
[Result "0-1"]
[WhiteElo "2522"]
[BlackElo "2647"]
[TimeControl "180+2"]
[EndTime "14:06:38 PST"]
[Termination "Artur0208 won by resignation"]

1. d4 a5 2. a4 d5 3. Bf4 Nf6 4. e3 Bf5 5. Nf3 e6 6. Bd3 Bxd3 7. Qxd3 Nbd7 8. Nbd2 c6 9. O-O Be7 10. h3 O-O 11. c4 Re8 12. e4 dxe4 13. Nxe4 Nxe4 14. Qxe4 Nf6 15. Qe2 Qb6 16. Be5 Rad8 17. Rfd1 h6 18. Qc2 Rd7 19. c5 Qa6 20. Nd2 Nd5 21. Nc4 Red8 22. Qb3 Nb4 23. Bd6 Bxd6 24. Nxd6 Nd5 25. Qf3 Nf6 26. Ra3 Ne8 27. Nxe8 Rxe8 28. Rad3 Qc4 29. b3 Qb4 30. Qf4 Red8 31. Qe5 Rd5 32. Qc7 R8d7 33. Qb8+ Rd8 34. Qc7 R8d7 35. Qb8+ Kh7 36.
Qf4 e5 37. Qf5+ g6 38. Qf6 Rxd4 39. Rxd4 exd4 40. Rd3 Qxc5 41. g3 Qc2 42. Rf3 d3 43. Rf4 d2 44. Kh2 d1=Q 45. Rh4 Qdd2 46. Kg2 Qxf2+ 47. Qxf2 Rd2 48. Rf4 Rxf2+ 49. Rxf2 Qxb3 50. h4 Qd5+ 51. Kh2 Kg7 52. Rb2 b5 53. axb5 cxb5 54. h5 0-1

[Event "*** Titled Tuesday Blitz"]
[Site "Chess.com"]
[Date "2019.02.05"]
[Round "5"]
[White "arctic_t00"]
[Black "Agent-JL"]
[Result "0-1"]
[WhiteElo "2341"]
[BlackElo "2249"]
[TimeControl "180+2"]
[EndTime "14:06:38 PST"]
[Termination "Agent-JL won by checkmate"]

1. d4 Nf6 2. Nf3 e6 3. c4 Bb4+ 4. Nbd2 b6 5. a3 Bxd2+ 6. Qxd2 Bb7 7. e3 O-O 8. Be2 d6 9. b4 Nbd7 10. Bb2 a5 11. O-O Ne4 12. Qc2 f5 13. b5 Qe7 14.
Rfd1 g5 15. Ne1 g4 16. Nd3 Rf6 17. f3 gxf3 18. Bxf3 Rh6 19. Nf4 d5 20. cxd5 Bxd5 21. Nxd5 exd5 22. Qxc7 Re8 23. Qf4 Rf6 24. a4 Kh8 25.
Ba3 Qg7 26. Rac1 Rg8 27. Rc7 Rf7 28. Bd6 Ng5 29. Qg3 Qh6 30. Bf4 Nh3+ 31. Kh1 Rxg3 32. hxg3 Nxf4+ 33. Kg1 Ne6 34. Rxd7 Rxd7 35. Kf2 Qf6 36.
Rc1 Rc7 37. Rh1 Kg7 38. Rh5 Nxd4 39. Kg1 Nxf3+ 40. gxf3 Rc2 41. g4 Qa1# 0-1

[Event "*** Titled Tuesday Blitz"]
[Site "Chess.com"]
[Date "2019.02.05"]
[Round "5"]
[White "AliKa2810"]
[Black "jcibarra"]
[Result "0-1"]
[WhiteElo "2465"]
[BlackElo "2712"]
[TimeControl "180+2"]
[EndTime "14:06:40 PST"]
[Termination "jcibarra won by resignation"]

1. e4 c5 2. Nf3 d6 3. Bb5+ Nc6 4. O-O Bd7 5. c3 Nf6 6. d4 c4 7. e5 dxe5 8. Bxc4 exd4 9. cxd4 e6 10. Nc3 Be7 11. d5 exd5 12. Nxd5 Nxd5 13. Bxd5 O-O 14. Be3 Bf6 15. Qb3 Na5 16. Qb4 Nc6 17. Qa3 Ne7 18. Be4 Nf5 19. Bc5 Re8 20. Qd3 g6 21. Rad1 Be6 22. Qb5 Qc7 23. Rfe1 Rac8 24. Bxf5 Qxc5 25.
Qxc5 Rxc5 26. Bxe6 Rxe6 27. Rxe6 fxe6 28. g4 Ra5 29. g5 Bxg5 30. Rd7 Bf6 31. Rxb7 Rxa2 32. b4 g5 33. h3 h5 34. Kg2 e5 35. Kg3 e4 36. Ne1 Be5+ 37. Kg2 Bd4 38. Re7 Bxf2 39. Rxe4 Bxe1+ 40. Kf3 Rf2+ 41. Ke3 Rh2 0-1